AoeStats
← jonathanwestera1

Arena

509624800Analyzed
1v1 RM · 4d ago on Sep 27, 2026· 36m 33s· 2 players
Game mode
Random Map
Map size
Tiny (2 player)
Population
200
Speed
Normal
Resources
Standard
Victory
Conquest
Starting age
Dark Age
Ending age
Imperial Age
RankedLock teamsTeams togetherTeam positionsShared explorationLock speedFull tech treeHidden civsTurbo modeCheats
Victory
Defeat
653
+14
🇳🇱 Teutons · Netherlands
615
-14
jonathanwestera1
7:26 Loom
10:01 Feudal Age
10:54 Double-Bit Axe
13:35 Wheelbarrow
13:31 Stone Mining
13:34 Gold Mining
13:27 Horse Collar
19:54 Bloodlines
22:32 Castle Age
21:23 Bloodlines
23:57 Squires
27:39 Heavy Plow
28:18 Scale Barding Armor
28:23 Forging
35:16 Imperial Age
35:26 Iron Casting
35:12 Chain Barding Armor
花蓮花蓮國顏值擔當
11:38 Feudal Age
15:56 Castle Age
15:14 Double-Bit Axe
15:23 Horse Collar
17:31 Bow Saw
25:24 Wheelbarrow
24:44 Treadmill Crane
26:16 Pikeman
28:34 Forging
28:24 Scale Mail Armor
29:02 Hand Cart
28:50 Heavy Plow
32:55 Imperial Age
31:51 Scale Barding Armor
31:47 Padded Archer Armor
31:37 Fletching
32:03 Chain Mail Armor
33:14 Gold Mining
34:31 Iron Casting
35:10 Husbandry
36:14 Ballistics
Connection lost

Rejoining the realm…

Still unreachable

The connection could not be restored.

Session expired

The server has moved on; the page needs a fresh start.